AoeStats
← pelikanecho314

Arena

510167989Analyzed
4v4 RM · 1d ago on Sep 29, 2026· 42m 20s· 8 players
Game mode
Random Map
Map size
Large (8 player)
Population
200
Speed
Normal
Resources
Standard
Victory
Conquest
Starting age
Dark Age
Ending age
Imperial Age
RankedLock teamsTeams togetherTeam positionsShared explorationLock speedFull tech treeHidden civsTurbo modeCheats
Victory
Defeat
🇨🇭 Burgundians · Switzerland
876
+14
🇵🇪 Mongols · Peru
874
+14
🇫🇷 Burmese · France
847
+15
🇹🇷 Turks · Türkiye
805
+17
🇨🇳 Japanese · China
870
-17
🇨🇳 Hindustanis · China
849
-16
🇫🇷 Spanish · France
797
-34
🇮🇳 Bohemians · India
788
-13
pelikanecho314
4:21 Loom
11:19 Feudal Age
9:49 Double-Bit Axe
9:56 Horse Collar
16:56 Castle Age
15:33 Gold Mining
18:31 Wheelbarrow
19:37 Bow Saw
22:41 Two-Man Saw
23:05 Hand Cart
27:23 Heavy Plow
27:21 Stone Mining
30:05 Imperial Age
28:16 Husbandry
27:37 Cavalier
27:40 Elite Skirmisher
28:15 Fletching
28:26 Padded Archer Armor
30:27 Crop Rotation
30:32 Scale Barding Armor
30:50 Ballistics
30:53 Bodkin Arrow
31:44 Conscription
32:08 Paladin
32:53 Bracer
33:06 Forging
33:12 Leather Archer Armor
34:25 Pikeman
35:05 Squires
35:42 Chain Barding Armor
39:52 Plate Barding Armor
39:53 Iron Casting
40:06 Burgundian Vineyards
Adidegmez
13:32 Feudal Age
14:18 Double-Bit Axe
14:15 Horse Collar
18:26 Castle Age
17:06 Scale Barding Armor
17:34 Forging
17:56 Stone Mining
18:28 Gold Mining
19:20 Heavy Plow
21:59 Bow Saw
23:40 Wheelbarrow
24:01 Husbandry
25:57 Bloodlines
26:41 Hand Cart
27:34 Town Watch
32:00 Imperial Age
31:22 Gold Shaft Mining
31:26 Chain Barding Armor
32:02 Iron Casting
34:01 Two-Man Saw
32:56 Cavalier
35:08 Blast Furnace
35:11 Town Patrol
36:09 Plate Barding Armor
37:17 Conscription
37:16 Elite Janissary
LitiumJCH
10:04 Loom
13:00 Feudal Age
13:35 Double-Bit Axe
14:47 Gold Mining
15:07 Scale Barding Armor
18:42 Castle Age
18:14 Stone Mining
19:54 Bow Saw
19:55 Husbandry
20:05 Bloodlines
27:58 Fletching
30:08 Gold Shaft Mining
31:51 Bodkin Arrow
32:02 Scale Barding Armor
36:24 Imperial Age
33:57 Horse Collar
37:04 Chain Barding Armor
36:44 Padded Archer Armor
38:01 Ballistics
38:42 Chemistry
40:26 Conscription
41:31 Masonry
41:26 Siege Engineers
Skibidi Bop
10:15 Feudal Age
14:38 Castle Age
14:44 Scale Barding Armor
14:52 Horse Collar
18:26 Gold Mining
21:58 Wheelbarrow
22:36 Stone Mining
22:50 Heavy Plow
23:04 Husbandry
24:19 Bloodlines
25:55 Gold Shaft Mining
26:12 Hand Cart
38:14 Imperial Age
37:47 Forging
37:58 Chain Barding Armor
38:30 Elite Battle Elephant
40:38 Iron Casting
41:02 Plate Barding Armor
42:57 Blast Furnace
41:48 Fletching
41:59 Padded Archer Armor
Fefedv
6:31 Loom
10:31 Feudal Age
16:50 Wheelbarrow
16:02 Town Watch
19:58 Castle Age
17:55 Arson
21:24 Double-Bit Axe
23:24 Husbandry
34:22 Imperial Age
33:18 Bow Saw
33:21 Scale Barding Armor
33:17 Scale Mail Armor
33:18 Padded Archer Armor
33:30 Forging
34:33 Hand Cart
34:04 Town Watch
34:34 Fortified Wall
34:29 Inquisition
34:24 Cavalier
35:33 Chain Barding Armor
37:08 Paladin
37:37 Horse Collar
40:21 Pikeman
41:02 Squires
40:49 Gambesons
40:25 Man-at-Arms
fjk
11:25 Feudal Age
12:49 Wheelbarrow
12:12 Double-Bit Axe
12:09 Horse Collar
13:32 Gold Mining
20:06 Castle Age
21:05 Hand Cart
21:30 Gold Shaft Mining
21:01 Heavy Plow
21:46 Bow Saw
22:13 Town Watch
24:01 Stone Mining
30:25 Imperial Age
28:46 Fortified Wall
29:11 Forging
29:07 Scale Barding Armor
29:30 Husbandry
29:41 Bloodlines
29:49 Grand Trunk Road
30:32 Masonry
31:01 Chain Barding Armor
31:35 Conscription
31:26 Thumb Ring
31:07 Heavy Camel Rider
32:28 Iron Casting
34:14 Two-Man Saw
33:59 Plate Barding Armor
35:49 Blast Furnace
34:39 Fletching
34:50 Padded Archer Armor
34:25 Elite Skirmisher
35:35 Ballistics
36:17 Chemistry
37:22 Hoardings
小菜机
11:55 Feudal Age
17:15 Castle Age
15:56 Double-Bit Axe
16:47 Gold Mining
21:58 Forging
21:49 Scale Mail Armor
32:28 Imperial Age
31:38 Gold Shaft Mining
31:51 Iron Casting
31:32 Chain Mail Armor
33:22 Wheelbarrow
33:06 Bow Saw
32:53 Stone Mining
33:28 Elite Samurai
33:39 Elite Samurai
34:43 Kataparuto
35:34 Plate Mail Armor
36:05 Blast Furnace
36:32 Conscription
39:19 Squires
38:41 Pikeman
39:37 Halberdier
darockstar686
10:05 Feudal Age
15:24 Castle Age
19:24 Fervor
21:20 Horse Collar
25:56 Wheelbarrow
26:19 Heavy Plow
26:18 Double-Bit Axe
28:28 Hand Cart
29:33 Loom
29:34 Town Watch
33:13 Imperial Age
32:46 Padded Archer Armor
32:37 Fletching
32:58 Forging
32:48 Scale Mail Armor
33:50 Chemistry
32:46 Murder Holes
33:12 Ballistics
34:31 Town Patrol
34:48 Leather Archer Armor
34:29 Bodkin Arrow
34:47 Fortified Wall
34:25 Arrowslits
34:51 Masonry
Connection lost

Rejoining the realm…

Still unreachable

The connection could not be restored.

Session expired

The server has moved on; the page needs a fresh start.